 Dungeon Crawl Stone Soup version 0.26-a0-597-gb535b0901c (webtiles) character file.

Game seed: 9132826147026079796

74 Lanoc the Chopper (level 4, -1/35 HPs)
             Began as a Formicid Gladiator on Aug 27, 2020.
             Was a Believer of Yredelemnul.
             Slain by Terence
             ... wielding a +0 mace of draining
              (2 damage)
             ... on level 3 of the Dungeon.
             The game lasted 00:02:35 (1244 turns).

Lanoc the Chopper (Formicid Gladiator)              Turns: 1244, Time: 00:02:36

Health: -1/35      AC:  3    Str: 18    XL:     4   Next: 54%
Magic:  4/4        EV: 13    Int:  8    God:    Yredelemnul [**....]
Gold:   103        SH:  0    Dex: 13    Spells: 3/3 levels left

rFire    . . .     SeeInvis +   a - +0 war axe
rCold    . . .     Faith    +   (no shield)
rNeg     . . .     Spirit   .   b - +0 leather armour
rPois    .         Reflect  .   (helmet unavailable)
rElec    .         Harm     .   (no cloak)
rCorr    .                      (no gloves)
MR       .....                  (no boots)
Stlth    +.........             f - amulet of faith (curse)
HPRegen  0.11/turn              (no ring)
MPRegen  0.09/turn              (no ring)

@: mighty
A: permanent stasis, dig shafts and tunnels, four strong arms, antennae 3
a: Dig, Shaft Self, Animate Remains, Recall Undead Slaves, Injury Mirror,
Renounce Religion


You were on level 3 of the Dungeon.
You worshipped Yredelemnul.
Yredelemnul was pleased with you.
You visited 1 branch of the dungeon, and saw 3 of its levels.

You collected 103 gold pieces.

Inventory:

Hand Weapons
 a - a +0 war axe (weapon)
Missiles
 c - 3 throwing nets (quivered)
Armour
 b - a +0 leather armour (worn)
Jewellery
 f - a cursed amulet of faith (around neck)
Scrolls
 d - 3 scrolls of teleportation {unknown}
 e - a scroll of fear {unknown}
 g - a scroll of enchant weapon {unknown}
 h - a scroll of noise {unknown}
 j - a scroll of random uselessness {unknown}
Potions
 i - a potion of curing {unknown}
 k - a potion of lignification {unknown}
 l - 2 potions of might
 m - a potion of stabbing {unknown}


   Skills:
 + Level 3.0 Fighting
 - Level 3.7 Axes
 - Level 2.0 Throwing
 + Level 1.5 Armour
 + Level 3.1 Dodging
 * Level 1.0 Invocations


You had 3 spell levels left.
You didn't know any spells.
Your spell library was empty.

Dungeon Overview and Level Annotations

Branches:
Dungeon (3/15)

Altars:
Yredelemnul
The Shining One

Annotations:
D:3 Terence


Innate Abilities, Weirdness & Mutations

You cannot be hasted, slowed, berserked, paralysed or teleported.
You can dig through walls and to a lower floor.
Your four strong arms can wield two-handed weapons with a shield.
You have a pair of large antennae on your head. (SInv)


Message History

You hit the orc priest but do no damage.
The orc priest is moderately wounded.
You barely miss the worm. The worm bites you.
Terence zaps a wand.
The puff of flame hits you.
The orc priest hits you with a +0 trident.
* * * LOW HITPOINT WARNING * * *
You are too injured to fight recklessly!
Your frilled lizard zombie bites the orc but does no damage.
Terence screams, "I'm going to kill you!"
Terence zaps a wand.
The puff of flame hits you!
* * * LOW HITPOINT WARNING * * *
The orc closely misses you.
Your frilled lizard zombie closely misses the orc priest.
The orc priest hits your frilled lizard zombie with a +0 trident!
Your frilled lizard zombie is destroyed!
It was a potion of might.
You feel very mighty all of a sudden.
Terence hits you with a +0 mace of draining.
You die...
Your body rises from the dead as a mindless zombie.

[..##........#
#..#.#.#.#### # .##.#.#.#.#
# ##. #.##...[...# . #.{
... #.....### #. #.###.#
##....###### ###.##.#...#
#............
##.......o#####........####
.........@@............#
###.##o#######........#
#...{{(..# #........#
#........# ##########
#.....?..# #.......<#
#.....!..# #........#
##########


You could see Terence, an orc priest and an orc.

Vanquished Creatures
  2 adders (D:2)
  A worm (D:2)
  A dart slug (D:2)
  A leopard gecko (D:2)
  3 bats (D:2)
  6 goblins
  6 hobgoblins
  4 jackals (D:2)
  5 kobolds
  2 quokkas (D:2)
  2 ball pythons
  5 frilled lizards
  6 rats
44 creatures vanquished.

Vanquished Creatures (collateral kills)
  A worm (D:2)
  A bat (D:2)
  A frilled lizard (D:2)
3 creatures vanquished.

Vanquished Creatures (others)
  A frilled lizard zombie (D:3)
1 creature vanquished.

Grand Total: 48 creatures vanquished

Notes
Turn   | Place    | Note
-------+----------+-------------------------------------------
     0 | D:1      | Lanoc the Formicid Gladiator began the quest for the Orb.
     0 | D:1      | Reached XP level 1. HP: 16/16 MP: 1/1
   204 | D:1      | Reached XP level 2. HP: 22/23 MP: 2/2
   340 | D:2      | Reached skill level 1 in Armour
   340 | D:2      | Reached XP level 3. HP: 28/28 MP: 3/3
   647 | D:2      | Found a faded altar of an unknown god.
   659 | D:2      | Became a worshipper of Yredelemnul the Dark
   659 | D:2      | Reached * piety under Yredelemnul
   670 | D:2      | Reached XP level 4. HP: 32/34 MP: 4/4
   998 | D:2      | Found a glowing golden altar of the Shining One.
  1056 | D:3      | Reached skill level 1 in Invocations
  1060 | D:3      | Reached ** piety under Yredelemnul
  1238 | D:3      | Noticed Terence
  1242 | D:3      | HP: 1/35 [Terence/puff of flame (8)]
  1244 | D:3      | Slain by Terence

Illustrated notes

Levels and vault maps discovered:
D:1:      roderic_crossed_star, layout_basic, roderic_lattice_a,
          nrook_loot_triangle
D:2:      layout_basic, old_standard_altar,
          chequers_ecumenical_altar_simple_redux
D:3:      layout_rooms, gammafunk_ghost_split, uniq_ijyb, uniq_jessica,
          uniq_terence

Skill      XL: |  1  2  3  4 |
---------------+-------------+-----
Armour         | 1 |  1.5
Dodging        | 3 |  3.1
Invocations    | 1 |  1.0
Fighting       | 3 |  3.0
Axes           | |  3.7
Throwing       | |  2.0

Action                   |  1- 3 |  4- 6 || total
-------------------------+-------+-------++-------
Melee: War axe           |    65 |    30 ||    95
Invok: Animate Remains   |       |     2 ||     2
 Abil: Dig               |       |     1 ||     1
  Use: Potion            |       |     1 ||     1
Armor: Leather armour    |    15 |     5 ||    20
Dodge: Dodged            |    54 |    28 ||    82

Table legend: (Time is in decaauts)
 A = Elapsed time spent in this place.
 B = Non-inter-level travel time spent in this place.
 C = Inter-level travel time spent in this place.
 D = Time resting spent in this place.
 E = Time spent auto-exploring this place.
 F = Levels seen in this place.
 G = Mean time per level.
                   A        B        C        D        E       F      G
               +--------+--------+--------+--------+--------+-----+--------+
         Total |   1274 |   1267 |      7 |      0 |    981 |   3 |  424.7 |
       Dungeon |   1274 |   1267 |      7 |      0 |    981 |   3 |  424.7 |
               +--------+--------+--------+--------+--------+-----+--------+

Top non-repeatable levels by time:
     D:2: 862 daAuts
     D:1: 218 daAuts
     D:3: 193 daAuts
